 Dungeon Crawl Stone Soup version 0.25.1-11-g244df3a29b (webtiles) character file.

Game seed: 8679957907149969504

2360 Bruhh the Basher (level 9, -1/52 HPs)
             Began as a Gargoyle Fighter on May 20, 2022.
             Was a Follower of the Shining One.
             Engulfed by Maurice's freezing vapour (24 damage)
             ... on level 8 of the Dungeon.
             The game lasted 00:11:47 (7864 turns).

Bruhh the Basher (Gargoyle Fighter)                 Turns: 7864, Time: 00:11:47

Health: -1/52      AC: 20    Str: 22    XL:     9   Next: 44%
Magic:  9/9        EV:  8    Int: 10    God:    the Shining One [*.....]
Gold:   375        SH:  9    Dex:  9    Spells: 8/8 levels left

rFire    . . .     SeeInvis .   a - +0 flail
rCold    . . .     Gourm    .   c - +0 kite shield
rNeg     + . .     Faith    .   y - +0 plate armour
rPois    ∞         Spirit   .   (no helmet)
rElec    +         Reflect  .   (no cloak)
rCorr    .         Harm     .   (no gloves)
MR       .....                  (no boots)
Stlth    ..........             (no amulet)
HPRegen  0.17/turn              i - ring of poison resistance (curse)
MPRegen  0.11/turn              r - +4 ring of evasion

@: glowing
A: negative energy resistance 1, electricity resistance, unbreathing,
petrification resistance, rot immunity, AC +6
a: Renounce Religion


You were on level 8 of the Dungeon.
You worshipped the Shining One.
The Shining One was aware of your devotion.
You were not hungry.

You visited 1 branch of the dungeon, and saw 8 of its levels.

You collected 375 gold pieces.

Inventory:

Hand Weapons
 a - a +0 flail (weapon)
Armour
 b - a +0 scale mail
 c - a +0 kite shield (worn)
 y - a +0 plate armour (worn)
Jewellery
 i - a cursed ring of poison resistance (left hand)
 r - a +4 ring of evasion (right hand)
 s - an uncursed ring of protection from cold {unknown}
 w - a cursed ring of teleportation {unknown}
Wands
 j - a wand of disintegration (14)
 F - a wand of digging (12)
Scrolls
 e - 4 scrolls of random uselessness
 g - 5 scrolls of identify
 k - 4 scrolls of teleportation
 l - 2 scrolls of fear {unknown}
 n - 2 scrolls of magic mapping {unknown}
 q - 5 scrolls of remove curse {unknown}
 u - 3 scrolls of amnesia {unknown}
 v - 2 scrolls of enchant weapon {unknown}
 B - a scroll of vulnerability {unknown}
 C - a scroll of enchant armour {unknown}
 D - a scroll of immolation {unknown}
 E - a scroll of blinking {unknown}
 I - a scroll of noise {unknown}
Potions
 d - a potion of might
 h - a potion of cancellation
 m - 3 potions of degeneration
 o - 2 potions of brilliance
 p - 2 potions of curing
 t - 5 potions of lignification
 x - 3 potions of heal wounds
 z - 2 potions of resistance
 A - a potion of mutation {unknown}
 H - a potion of invisibility {unknown}
Comestibles
 f - 19 rations
 G - 6 chunks of flesh


   Skills:
 + Level 4.0 Fighting
 - Level 10.0 Maces & Flails
 + Level 8.7 Armour
 - Level 3.2 Shields


You had 8 spell levels left.
You didn't know any spells.
Your spell library contained the following spells:

 Spells                   Type           Power        Failure   Level  Hunger
 Magic Dart               Conj           #...         100%        1    ##.....
 Shock                    Conj/Air       #...         100%        1    ##.....
 Searing Ray              Conj           #.....       100%        2    ###....
 Swiftness                Chrm/Air       #.......     100%        2    ###....
 Confusing Touch          Hex            #.......     100%        3    ####...
 Dazzling Flash           Conj/Hex       #.....       100%        3    ####...
 Gell's Gravitas          Tloc           #.........   100%        3    ####...
 Static Discharge         Conj/Air       #.......     100%        3    ####...
 Airstrike                Air            #.........   100%        4    #####..
 Fulminant Prism          Conj/Hex       #.........   100%        4    #####..
 Iskenderun's Mystic Bla  Conj/Tloc      #.......     100%        4    #####..
 Petrify                  Tmut/Erth      #.......     100%        4    #####..
 Lightning Bolt           Conj/Air       #.........   100%        5    ######.
 Metabolic Englaciation   Hex/Ice        #.........   100%        5    ######.
 Yara's Violent Unravell  Hex/Tmut       #.........   100%        5    ######.


Dungeon Overview and Level Annotations

Branches:
Dungeon (8/15)             Temple (0/1) D:6
   Lair: D:8-11

Altars:
Cheibriados
Dithmenos
Fedhas
Gozag
Hepliaklqana
Trog
Wu Jian
Xom
The Shining One

Shops:
D:6 [

Annotations:
D:8 Maurice


Innate Abilities, Weirdness & Mutations

You are resistant to torment.
Your stone body is resilient. (AC +6)
You are immune to poison.
You resist negative energy. (rN+)
You are resistant to electric shocks. (rElec)
You can survive without breathing.
You are immune to petrification.
You are immune to rotting.


Message History

You thump Maurice!
Maurice is moderately wounded.
Maurice zaps a wand.
Maurice creates a blast of flame!
You hit Maurice.
Maurice is moderately wounded.
You are engulfed in blazing flames.
Maurice hits you but does no damage.
You hit Maurice.
Maurice is moderately wounded.
You are engulfed in blazing flames.
Maurice hits you but does no damage.
You barely miss Maurice.
Maurice is moderately wounded.
You are engulfed in blazing flames.
Maurice zaps a wand.
Maurice creates a blast of flame!
Maurice hits you but does no damage.
Your plate armour prevents you from hitting Maurice.
Maurice is moderately wounded.
Maurice zaps a wand.
Maurice creates a blast of freezing vapour!
You are engulfed in freezing vapours.
You die...

#.#####.#..#.# #.# #
##.#.# # #.#
.##...####. ##.# ###.
##..#..). ... ...
#.<#.... # # #.# #.#
#..#....
...#.##†###§#
##>.....
##.....@§§§§#
####...#
.......@§§§§#
##.......
####.##.##§##
#........ #.##.##.#
#........ ....##.###
#.###.... ..........#
#)[...##.
..........###.....# #
............#.....#
##.#######...#(....##
# #####...........#


You could see Maurice (swift, invisible).

Vanquished Creatures
  A hungry ghost (D:6)
  A water moccasin (D:6)
  An orc warrior (D:8)
  2 ice beasts (D:5)
  3 sky beasts
  A black bear (D:5)
  2 centaurs
  4 ogres
  2 scorpions
  A howler monkey (D:5)
  A crimson imp (D:3)
  An orc wizard (D:5)
  2 bullfrog skeletons
  2 orc priests
  A gnoll shaman (D:4)
  5 hounds
  A jelly (D:8)
  An iguana (D:4)
  5 worker ants
  12 gnolls
  2 worker ant zombies
  8 adders
  2 adder skeletons
  2 adder zombies
  2 worms
  A dart slug (D:3)
  3 leopard geckos
  22 orcs
  7 bats
  A giant cockroach (D:3)
  7 goblins
  6 hobgoblins
  12 jackals
  7 quokkas
  A ball python (D:2)
  7 frilled lizards
  14 kobolds
  A quokka skeleton (D:4)
  10 rats
164 creatures vanquished.

Vanquished Creatures (others)
  A hound (D:5)
  A worker ant (D:5)
  A jackal (D:5)
  A quokka (D:5)
4 creatures vanquished.

Grand Total: 168 creatures vanquished

Notes
Turn   | Place    | Note
-------+----------+-------------------------------------------
     0 | D:1      | Bruhh the Gargoyle Fighter began the quest for the Orb.
     0 | D:1      | Reached XP level 1. HP: 14/14 MP: 1/1
   304 | D:1      | Reached XP level 2. HP: 16/19 MP: 2/2
   557 | D:1      | Reached skill level 3 in Maces & Flails
  1206 | D:1      | Reached XP level 3. HP: 23/23 MP: 3/3
  1530 | D:2      | Reached skill level 4 in Maces & Flails
  1617 | D:2      | Reached XP level 4. HP: 22/28 MP: 4/4
  1931 | D:2      | Found an ornate altar of the Wu Jian Council.
  2295 | D:3      | Reached skill level 5 in Maces & Flails
  2301 | D:3      | Reached XP level 5. HP: 23/32 MP: 5/5
  3275 | D:4      | Reached skill level 6 in Maces & Flails
  3283 | D:4      | Reached XP level 6. HP: 34/37 MP: 6/6
  3559 | D:4      | Reached skill level 7 in Maces & Flails
  3571 | D:4      | Reached XP level 7. HP: 41/41 MP: 7/7
  3770 | D:4      | Found a shadowy altar of Dithmenos.
  3774 | D:4      | Found an opulent altar of Gozag.
  4076 | D:5      | Entered Level 5 of the Dungeon
  4119 | D:5      | Found a shimmering altar of Xom.
  4128 | D:5      | Reached skill level 8 in Maces & Flails
  4477 | D:5      | Found a glowing golden altar of the Shining One.
  4477 | D:5      | Found a hazy altar of Hepliaklqana.
  4479 | D:5      | Found a bloodstained altar of Trog.
  4500 | D:5      | Reached skill level 9 in Maces & Flails
  4500 | D:5      | Reached XP level 8. HP: 36/46 MP: 8/8
  4509 | D:5      | Became a worshipper of the Shining One
  5178 | D:5      | Reached skill level 5 in Armour
  5945 | D:6      | Found a staircase to the Ecumenical Temple.
  6251 | D:6      | Reached skill level 10 in Maces & Flails
  6251 | D:6      | Reached XP level 9. HP: 50/51 MP: 9/9
  6342 | D:6      | Found Xopueh's Antique Armour Shoppe.
  6692 | D:6      | Found a blossoming altar of Fedhas.
  7159 | D:7      | Found a snail-covered altar of Cheibriados.
  7785 | D:8      | Reached * piety under the Shining One
  7841 | D:8      | Noticed Maurice
  7864 | D:8      | Engulfed by Maurice's freezing vapour

Illustrated notes

Levels and vault maps discovered:
D:1:      co_arrival_two_rings, layout_basic, corner_web_ring
D:2:      layout_rooms, lemuel_round_altar
D:3:      layout_basic, kennysheep_generic_room_6
D:4:      layout_basic, grunt_temple_overflow_open
D:5:      layout_basic, xom_confusion_cloud,
          gammafunk_temple_overflow_forgotten, first_ration, due_unseen_surprise
D:6:      cheibrodos_iron_armory, layout_loops_cross, kennysheep_little_box,
          minmay_temple_entry_sparse_star, serial_shops, shop
D:7:      layout_loops_corners, nicolae_overflow_hidden_temple
D:8:      layout_basic, uniq_maurice

Skill      XL: |  1  2  3  4  5  6  7  8  9 |
---------------+----------------------------+-----
Maces & Flails | 3 4 5 6 7 9 10 | 10.0
Armour         | 6 8 |  8.7
Fighting       | 4 |  4.0
Shields        | |  3.2

Action                   |  1- 3 |  4- 6 |  7- 9 || total
-------------------------+-------+-------+-------++-------
Melee: Flail             |   140 |   246 |   451 ||   837
  Use: Scroll            |       |     7 |       ||     7
       Potion            |       |     4 |       ||     4
  Eat: Chunk             |     2 |     6 |    11 ||    19
       Ration            |       |       |     3 ||     3
Armor: Scale mail        |   106 |   129 |    66 ||   301
       Plate armour      |       |       |   153 ||   153
Dodge: Dodged            |    59 |   135 |   150 ||   344
Block: Kite shield       |    88 |   171 |   223 ||   482
